 Dungeon Crawl Stone Soup version 0.31-a0-986-g5e6e4ef867 (webtiles) character file.

Game seed: 5154712359510461422

2223 javelincjr the Fighter (level 9, -3/85 HPs)
             Began as a Minotaur Fighter on Nov 7, 2023.
             Was an Initiate of Trog.
             Slain by Duvessa
             ... wielding a +0 short sword
              (5 damage)
             ... on level 6 of the Dungeon.
             The game lasted 00:18:44 (5598 turns).

javelincjr the Fighter (Minotaur Fighter)           Turns: 5598, Time: 00:18:44

Health: -3/85      AC: 14    Str: 25    XL:     9   Next: 13%
Magic:  8/8        EV:  8    Int:  3    God:    Trog [......]
Gold:   414        SH:  5    Dex: 10    Spells: 8/8 levels left

rFire   . . .        a - +2 war axe
rCold   . . .        c - +0 buckler
rNeg    . . .        s - +0 chain mail
rPois   .            (helmet restricted)
rElec   .            x - +0 cloak
rCorr   +            h - +0 pair of gloves
SInv    .            d - +0 pair of boots
Will    .....        (no amulet) Stlth
                     b - ring of protection from cold
HPRegen 0.34/turn    n - ring of resist corrosion
MPRegen 0.11/turn

%: no passive effects
@: no status effects
A: horns 2, retaliatory headbutt, talons 1, dopey 1, cold vulnerability 1
a: Renounce Religion


You were on level 6 of the Dungeon.
You worshipped Trog.
Trog was noncommittal.
You visited 2 branches of the dungeon, and saw 7 of its levels.

You collected 414 gold pieces.

Inventory:

Hand Weapons
 a - a +2 war axe (weapon)
 g - a +4 whip
 v - a +2 mace of protection
 E - a +3 trident of draining
Missiles
 f - 3 boomerangs
 k - 62 stones
 p - 3 poisoned darts
 z - 4 silver javelins
Armour
 c - a +0 buckler (worn)
 d - a +0 pair of boots (worn)
 h - a +0 pair of gloves (worn)
 m - a +0 cloak
 s - a +0 chain mail (worn)
 t - the +2 robe of Impatience {rElec Str+4 Stlth-}
   (You found it on level 4 of the Dungeon)

   Str+4:     It affects your strength (+4).
   rElec:     It insulates you from electricity.
   Stlth-:    It makes you less stealthy.
 x - a +0 cloak (worn)
 A - the +1 leather armour "Gibelosu" {Rampage Will++ Str-4 Dex+3}
   (You found it on level 5 of the Dungeon)

   Str-4:     It affects your strength (-4).
   Dex+3:     It affects your dexterity (+3).
   Will++:    It greatly increases your willpower.
   Rampage:   It bestows one free step when moving towards enemies.
Jewellery
 b - a ring of protection from cold (left hand)
 n - a ring of resist corrosion (right hand)
 D - a ring of protection from fire
Wands
 j - a wand of light (10)
 l - a wand of roots (5)
Scrolls
 i - 5 scrolls of teleportation
 w - a scroll of revelation {unknown}
 y - 2 scrolls of blinking {unknown}
 C - a scroll of amnesia
Potions
 e - a potion of brilliance
 o - a potion of invisibility
 q - a potion of attraction
 r - a potion of resistance
 u - a potion of haste {unknown}
 B - 2 potions of curing
 F - a potion of cancellation {unknown}


   Skills:
 * Level 9.9 Fighting
 + Level 6.9 Axes
 + Level 7.5 Armour
 + Level 7.4 Shields


You had 8 spell levels left.
You didn't know any spells.
Your spell library contained the following spells:

 Spells                   Type           Power      Damage    Failure   Level
 Blink                    Tloc           0%         N/A       99%         2
 Lesser Beckoning         Tloc           0%         N/A       99%         2
 Momentum Strike          Conj/Tloc      0%         3d8       99%         2


Dungeon Overview and Level Annotations

Branches:
Dungeon (6/15)             Temple (1/1) D:5

Altars:
Ashenzari
Cheibriados
Dithmenos
Fedhas
Hepliaklqana
Kikubaaqudgha
Makhleb
Nemelex Xobeh
Okawaru
Qazlal
Sif Muna
Trog
Uskayaw
Vehumet
Wu Jian
Xom
Yredelemnul
Zin
The Shining One

Annotations:
D:6 Duvessa


Innate Abilities, Weirdness & Mutations

You have a pair of horns on your head.
You reflexively headbutt those who attack you in melee.
You have sharp toenails.
You are dopey. (Int -2)
You are vulnerable to cold. (rC-)


Message History

You block Duvessa's attack.
You slash Dowan!
You kill Dowan!
Trog accepts your kill.
Trog appreciates your killing of a magic user.
Duvessa weeps, and shakes her weapon.
Duvessa goes berserk!
You hit Duvessa. You hit the orc wizard.
Duvessa hits you with a +0 short sword! The orc warrior barely misses you.
The orc hits you but does no damage. Duvessa hits you with a +0 short sword.
You are too injured to fight recklessly!
You are too injured to fight recklessly!
You are too injured to fight recklessly!
You are too injured to fight recklessly!
You closely miss Duvessa.
Duvessa is moderately wounded.
You hit the orc. You slash the orc wizard!
You kill the orc wizard!
Trog accepts your kill.
Trog appreciates your killing of a magic user.
Duvessa hits you with a +0 short sword.
The orc warrior hits you from afar with a +0 glaive!
* * * LOW HITPOINT WARNING * * *
The orc hits you but does no damage.
The orc warrior hits you but does no damage.
The orc hits you from afar with a +0 trident.
* * * LOW HITPOINT WARNING * * *
You block the orc's attack. Duvessa hits you but does no damage.
You completely miss Duvessa. You headbutt Duvessa!
Duvessa is heavily wounded.
You barely miss the orc. Duvessa completely misses you.
You furiously retaliate!
You headbutt Duvessa.
The orc warrior hits you from afar with a +0 glaive.
* * * LOW HITPOINT WARNING * * *
You block the orc's attack. The orc hits you but does no damage.
You hit Duvessa but do no damage. Your headbutt misses Duvessa.
Duvessa is heavily wounded.
You hit the orc but do no damage. Duvessa hits you with a +0 short sword!
* * * LOW HITPOINT WARNING * * *
Duvessa hits you with a +0 short sword.
You die...

#.... #.... #<...
#.... #....
#...#################
#...o................
#..)e################
#..o@# #..))# #...o.
#.....# +.....#
#...#.# .... .# #....
.#


You could see Duvessa (berserk), an orc warrior and 2 orcs.

Vanquished Creatures
  Pikel (D:4)
  Jeremiah (D:6)
  Sigmund (D:2)
  An orc warrior (D:4)
  3 ogres
  A phantom (D:5)
  2 bullfrogs (D:6)
  A gnoll sergeant (D:6)
  A scorpion (D:4)
  Dowan (D:6)
  3 killer bees (D:5)
  A jelly (D:6)
  3 hounds
  2 iguanas
  Terence (D:2)
  2 orc wizards
  10 gnolls
  5 adders
  A shadow imp (D:5)
  2 worms
  3 dart slugs
  15 orcs
  8 endoplasms
  6 giant cockroaches
  9 goblins
  4 hobgoblins
  4 quokkas
  7 ball pythons
  9 bats
  3 frilled lizards
  7 kobolds
  3 rats
121 creatures vanquished.

Notes
Turn   | Place    | Note
-------+----------+-------------------------------------------
     0 | D:1      | javelincjr the Minotaur Fighter began the quest for the
                  | Orb.
     0 | D:1      | Reached XP level 1. HP: 19/19 MP: 0/0
   140 | D:1      | Reached XP level 2. HP: 10/27 MP: 1/1
   278 | D:1      | Reached skill level 4 in Fighting
  1022 | D:2      | Noticed Sigmund
  1046 | D:2      | Killed Sigmund
  1047 | D:2      | Reached skill level 5 in Fighting
  1047 | D:2      | Reached XP level 3. HP: 7/36 MP: 2/2
  1047 | D:2      | Reached XP level 4. HP: 8/42 MP: 3/3
  1047 | D:2      | Reached XP level 5. HP: 10/48 MP: 4/4
  1047 | D:2      | Gained mutation: Your body sometimes deteriorates upon
                  | taking damage. [potion of mutation]
  1047 | D:2      | Gained mutation: Your muscles are strong. (Str +4, Int/Dex
                  | -1) [potion of mutation]
  1352 | D:2      | Noticed Terence
  1360 | D:2      | Killed Terence
  1594 | D:2      | Found a faded altar of an unknown god.
  1807 | D:3      | Reached XP level 6. HP: 25/57 MP: 5/5
  1995 | D:3      | Reached skill level 5 in Armour
  2182 | D:3      | Reached skill level 6 in Fighting
  2712 | D:4      | Noticed Pikel
  2905 | D:4      | Reached skill level 5 in Shields
  2943 | D:4      | Killed Pikel
  2944 | D:4      | Reached skill level 7 in Fighting
  2944 | D:4      | Reached skill level 5 in Axes
  2944 | D:4      | Reached XP level 7. HP: 26/66 MP: 6/6
  3292 | D:4      | Found a glowing golden altar of the Shining One.
  3323 | D:4      | Found a sparkling altar of Nemelex Xobeh.
  3525 | D:4      | Reached XP level 8. HP: 33/74 MP: 7/7
  3671 | D:4      | Identified the +2 robe of Impatience {rElec Str+4 Stlth-}
  3765 | D:4      | Reached skill level 8 in Fighting
  4149 | D:5      | Entered Level 5 of the Dungeon
  4229 | D:5      | Found an iron altar of Okawaru.
  4323 | D:5      | Identified the +1 leather armour "Gibelosu" {Rampage Will++
                  | Str-4 Dex+3}
  4338 | D:5      | Found a staircase to the Ecumenical Temple.
  4395 | D:5      | Lost mutation: Your body sometimes deteriorates upon taking
                  | damage. [potion of mutation]
  4395 | D:5      | Lost mutation: Your muscles are strong. (Str +4, Int/Dex
                  | -1) [potion of mutation]
  4395 | D:5      | Gained mutation: You are vulnerable to cold. (rC-) [potion
                  | of mutation]
  4395 | D:5      | Gained mutation: You are dopey. (Int -2) [potion of
                  | mutation]
  4395 | D:5      | Gained mutation: You have sharp toenails. [potion of
                  | mutation]
  4524 | Temple   | Entered the Ecumenical Temple
  4533 | Temple   | Became a worshipper of Trog the Wrathful
  5114 | D:6      | Reached skill level 9 in Fighting
  5201 | D:6      | Noticed Jeremiah
  5232 | D:6      | Killed Jeremiah
  5418 | D:6      | Reached XP level 9. HP: 85/85 MP: 8/8
  5586 | D:6      | Noticed Duvessa
  5586 | D:6      | Noticed Dowan
  5595 | D:6      | Killed Dowan
  5598 | D:6      | HP: 2/85 [Duvessa/+0 short sword (7)]
  5598 | D:6      | Slain by Duvessa

Illustrated notes

Levels and vault maps discovered:
D:1:      lightli_arrival_noodles, layout_loops_ring
D:2:      layout_basic, shapermc_ecumenical_altar_petra, minmay_pentomino_v4,
          uniq_sigmund, uniq_terence
D:3:      minmay_chambers_of_twos, layout_basic
D:4:      layout_basic, grunt_temple_overflow_open, dreamdust_mushroom_princess,
          uniq_pikel
D:5:      layout_basic, mainiacjoe_overflow_small_starburst,
          minmay_temple_entry_large_hall, minmay_misc_feat_alley
D:6:      layout_basic, chequers_serial_rivers_marsh, uniq_jeremiah,
          uniq_duvessa
Temple:   eino_temple_scatter_basement

Skill      XL: |  1  2  3  4  5  6  7  8 |
---------------+-------------------------+-----
Fighting       | 5 7 9 |  9.9
Axes           | 3 4 5 6 |  6.9
Armour         | 4 5 6 7 |  7.5
Shields        | 4 5 6 7 |  7.4

Action                     |  1- 3 |  4- 6 |  7- 9 || total
---------------------------+-------+-------+-------++-------
  Melee: War axe           |    18 |    66 |    35 ||   119
         Headbutt          |     6 |    19 |    25 ||    50
         Whip              |    42 |    45 |       ||    87
         Mace              |       |       |    67 ||    67
         Trident           |       |       |    29 ||    29
    Use: Potion            |     3 |     4 |     2 ||     9
         Scroll            |       |     6 |     3 ||     9
 Armour: Scale mail        |    48 |    56 |       ||   104
         Chain mail        |       |    20 |   121 ||   141
  Dodge: Dodged            |    15 |    38 |    53 ||   106
  Block: Buckler           |    10 |    30 |    30 ||    70

Table legend: (Time is in decaauts)
 A = Elapsed time spent in this place.
 B = Non-inter-level travel time spent in this place.
 C = Inter-level travel time spent in this place.
 D = Time resting spent in this place.
 E = Time spent auto-exploring this place.
 F = Levels seen in this place.
 G = Mean time per level.
                   A        B        C        D        E       F      G
               +--------+--------+--------+--------+--------+-----+--------+
         Total |   5655 |   5570 |     85 |    133 |   4354 |   7 |  807.9 |
       Dungeon |   5637 |   5568 |     69 |    133 |   4354 |   6 |  939.5 |
        Temple |     18 |      2 |     16 |      0 |      0 |   1 |   18.0 |
               +--------+--------+--------+--------+--------+-----+--------+

Top non-repeatable levels by time:
     D:4: 1385 daAuts
     D:3: 1030 daAuts
     D:1: 904 daAuts
     D:5: 899 daAuts
     D:2: 866 daAuts
     D:6: 549 daAuts
  Temple: 18 daAuts
